 Dungeon Crawl Stone Soup version 0.31-a0-1591-g515db51633 (webtiles) character file.

Game seed: 3501304261130477172

1483172 Laraso the Impregnable (level 24, 315/315 HPs)
             Began as an Armataur Delver on Jan 6, 2024.
             Was a High Priest of Okawaru.
             Escaped with the Orb
             ... and 3 runes on Jan 7, 2024!
             The game lasted 02:50:01 (83365 turns).

Laraso the Impregnable (Armataur Delver)           Turns: 83365, Time: 02:50:01

Health: 315/315    AC: 62    Str: 18    XL:     24   Next: 97%
Magic:  31/33      EV: 18    Int: 22    God:    Okawaru [*****.]
Gold:   832        SH: 37    Dex: 15    Spells: 18/35 levels left

rFire   + + +        a - +8 eveningstar of Unpleasantness {freeze, rElec rF++ Int+3 Stlth+}
rCold   . . .        Y - +7 tower shield {rN+}
rNeg    + + +        E - +10 pearl dragon scales
rPois   +            q - +1 helmet "Enyhasod" {Slay+6}
rElec   +            V - +4 dragonskin cloak
rCorr   +            d - +2 pair of gloves {Stlth+}
SInv    .            y - +10 Black Knight's barding {ponderous, rPois rN+}
Will    ++...        w - amulet of reflection Stlth
                     b - +5 ring of evasion
HPRegen 0.72/turn    A - ring "Casm" {rF+ Will+ rCorr}
MPRegen 0.23/turn

%: reflection, roll
@: berserking, heroic, hasted, studying Summonings, very quick
A: large, deformed body, tough skin 3, armoured tail, roll 2, mutation
resistance 1, sense surroundings 1, MP-powered wands
0: Orb of Zot
}: 3/15 runes: decaying, serpentine, silver
a: Renounce Religion, Heroism, Finesse, Duel


You escaped.
You worshipped Okawaru.
Okawaru was extremely pleased with you.
You visited 9 branches of the dungeon, and saw 45 of its levels.
You visited 2 bazaars.
You also visited: Gauntlet and Wizlab.

You collected 7405 gold pieces.
You spent 6573 gold pieces at shops.

Inventory:

Hand Weapons
 a - the +8 eveningstar of Unpleasantness (weapon) {freeze, rElec rF++ Int+3 Stlth+}
   (Okawaru gifted it to you in a Gauntlet)

   Int+3:     It affects your intelligence (+3).
   rF++:      It greatly protects you from fire.
   rElec:     It insulates you from electricity.
   Stlth+:    It makes you more stealthy.
Missiles
 r - 25 javelins (quivered)
 u - 5 throwing nets
 v - 19 curare-tipped darts
 G - 16 silver javelins
Armour
 d - a +2 pair of gloves of stealth (worn)
 q - the +1 helmet "Enyhasod" (worn) {Slay+6}
   (You found it on level 1 of the Vaults)

   Slay+6:    It affects your accuracy & damage with ranged weapons and melee
   (+6).
 y - the +10 Black Knight's barding (worn) {ponderous, rPois rN+}
   (Okawaru gifted it to you in a Gauntlet)

   rPois:     It protects you from poison rN+: It protects you from negative
   energy.
 E - +10 pearl dragon scales (worn)
 V - the +4 dragonskin cloak (worn)
   (You took it off Tiamat on level 4 of the Realm of Zot)

   Avatar's Aegis: It grants the wearer a chance to resist fire, cold, poison,
   electricity, acid, and negative energy.
 Y - a +7 tower shield of positive energy (worn)
Jewellery
 b - a +5 ring of evasion (left hand)
 i - a ring of wizardry
 w - an amulet of reflection (around neck)
 A - the ring "Casm" (right hand) {rF+ Will+ rCorr}
   (You bought it in a shop on level 2 of the Depths)

   [ring of resist corrosion]

   rF+:       It protects you from fire.
   Will+:     It increases your willpower.
   rCorr:     It protects you from acid and corrosion.
 C - the ring "Vostaxt" {rC+ rN+}
   (You took it off a fire giant on level 5 of the Vaults)

   [ring of positive energy]

   rC+:       It protects you from cold.
   rN+:       It protects you from negative energy.
 Q - a ring of flight
 U - a ring of protection from fire
 X - a ring of willpower
Wands
 g - a wand of digging (12)
 j - a wand of light (21)
 z - a wand of roots (62)
 F - a wand of paralysis (47)
 K - a wand of mindburst (16)
 M - a wand of polymorph (22)
 W - a wand of flame (59)
Scrolls
 c - 5 scrolls of fog
 e - 2 scrolls of fear
 l - 13 scrolls of teleportation
 n - 5 scrolls of vulnerability
 t - a scroll of torment
 B - 7 scrolls of silence
 D - 2 scrolls of immolation
 O - 8 scrolls of poison
 P - 4 scrolls of amnesia
 T - 3 scrolls of blinking
Potions
 h - 13 potions of mutation
 k - 7 potions of curing
 m - 11 potions of might
 o - 12 potions of enlightenment
 p - 5 potions of magic
 x - 5 potions of brilliance
 H - 4 potions of invisibility
 I - 7 potions of heal wounds
 L - 5 potions of attraction
 S - a potion of berserk rage
Miscellaneous
 R - a condenser vane


   Skills:
 - Level 16.0(21.0) Fighting
 - Level 16.0(21.0) Maces & Flails
 - Level 8.0(13.0) Throwing
 - Level 22.0(27) Armour
 - Level 12.0(17.0) Dodging
 - Level 14.0(19.0) Stealth
 - Level 22.0(27) Shields
 - Level 6.0 Spellcasting
 - Level 12.0 Translocations
 - Level 8.0 Air Magic
 * Level 13.6 Invocations
 * Level 9.8 Evocations


You had 18 spell levels left.
You knew the following spells:

 Your Spells              Type           Power      Damage    Failure   Level
a - Vhi's Electric Charg  Tloc/Air       100%       N/A       2%          4
b - Blink                 Tloc           100%       N/A       1%          2
c - Apportation           Tloc           100%       N/A       1%          1
d - Airstrike             Air            20%        2d(3-19)  6%          4
e - Fugue of the Fallen   Necr           6%         N/A       43%         3
s - Swiftness             Air            41%        N/A       1%          3

Your spell library contained the following spells:

 Spells                   Type           Power      Damage    Failure   Level
 Shock                    Conj/Air       96%        1d9       3%          1
 Mercury Vapours          Alch/Air       48%        N/A       4%          2
 Dimensional Bullseye     Hex/Tloc       16%        N/A       14%         4
 Foxfire                  Conj/Fire      24%        2x1d5     16%         1
 Magic Dart               Conj           24%        1d4       16%         1
 Sting                    Conj/Alch      24%        1d4       16%         1
 Ensorcelled Hibernation  Hex/Ice        12%        N/A       24%         2
 Jinxbite                 Hex            12%        N/A       24%         2
 Searing Ray              Conj           12%        2d4       24%         2
 Ozocubu's Armour         Ice            6%         N/A       43%         3
 Sigil of Binding         Hex            6%         N/A       43%         3
 Stone Arrow              Conj/Erth      12%        3d7       43%         3
 Arcjolt                  Conj/Air       12%        1d22      65%         5
 Anguish                  Hex/Necr       3%         N/A       85%         4
 Flame Wave               Conj/Fire      6%         2d5       85%         4
 Fulminant Prism          Conj/Alch      3%         3d5       85%         4
 Olgreb's Toxic Radiance  Alch           6%         N/A       85%         4
 Alistair's Intoxication  Alch           4%         N/A       99%         5
 Borgnjor's Vile Clutch   Necr/Erth      3%         N/A       99%         5
 Lee's Rapid Deconstruct  Erth           3%         3d5*      99%         5
 Metabolic Englaciation   Hex/Ice        3%         N/A       99%         5
 Plasma Beam              Fire/Air       12%        2x1d23    99%         6
 Eringya's Noxious Bog    Alch           3%         4d6       100%        6
 Starburst                Conj/Fire      3%         6d3       100%        6
 Ozocubu's Refrigeration  Ice            3%         4d8       100%        7
 Discord                  Hex            3%         N/A       100%        8
 Maxwell's Capacitive Co  Air            20%        ∞         100%        8
 Shatter                  Erth           3%         3d7*      100%        9
 Call Imp                 Summ           Unusable   N/A       N/A         2
 Call Canine Familiar     Summ           Unusable   N/A       N/A         3
 Sculpt Simulacrum        Ice/Alch       Unusable   N/A       N/A         6

Dungeon Overview and Level Annotations

Branches:
Dungeon (15/15)            Temple (1/1) D:4            Lair (5/5) D:11
  Swamp (4/4) Lair:3        Snake (4/4) Lair:2        Slime (0/5) Lair:4
    Orc (2/2) D:10            Elf (0/3) Orc:2        Vaults (5/5) D:14
  Crypt (0/3) Vaults:2     Depths (4/4) D:15            Zot (5/5) Depths:4
 WizLab (visited)         Gauntlet (visited)

Altars:
Ashenzari
Cheibriados
Dithmenos
Elyvilon
Fedhas
Gozag
Hepliaklqana
Kikubaaqudgha
Makhleb
Nemelex Xobeh
Okawaru
Qazlal
Ru
Sif Muna
Trog
Uskayaw
Vehumet
Wu Jian
Xom
Yredelemnul
Zin
The Shining One
Jiyva
Lugonu

Shops:
D:1 !??*[   D:4 (   D:10 *   Orc:1 (   Orc:2 =*[(   Snake:1 !::=   Vaults:3 *[
Vaults:4 =   Depths:1 [*   Depths:2 =

Portals:
Hell: Depths:1 Depths:2 Depths:3 Depths:4
Abyss: Zot:2 Depths:3 Depths:4
Pandemonium: Depths:1 Depths:2 Depths:4
Ziggurat: Depths:4
Trove: Vaults:1 (give 14 potions of heal wounds)

Annotations:
Snake:1 1 runed translucent door, Livid's ghost, journeyman FeSh
Zot:2 2 transporters, Qaniympis's ghost, veteran DgEE


Innate Abilities, Weirdness & Mutations

Armour fits poorly on your strangely shaped body.
You have extremely tough skin. (AC +3)
You have a long armoured tail.
You regenerate magic and health when rolling toward enemies. (Rampage Regen)
You are somewhat resistant to further mutation.
You passively map a small area around you.
You expend magic power (3 MP) to strengthen your wands.


Message History

You kill the sun demon!
Okawaru accepts your kill.
r - 25 javelins (gained 2)
There is a stone staircase leading down here.
There is a stone staircase leading up here.
What level of the Dungeon? (default 1, ? - help)
You climb upwards.
There is a stone staircase leading down here.
There is a stone staircase leading up here.
There is a stone staircase leading up here.
You climb upwards.
There is a stone staircase leading down here.
There is a stone staircase leading up here.
You climb upwards.
There is a stone staircase leading down here.
There is a stone staircase leading up, spattered with blood here.
Things that are here:
a +0 ring mail; a +0 club You climb upwards.
There is a stone staircase leading down here.
There is a stone staircase leading down here.
You feel yourself speed up.
There is an open door here.
You open the door.
There is an open door here.
There is a staircase leading out of the dungeon here.
You gain the combat prowess of a mighty hero.
Unknown command.
A red film seems to cover your vision as you go berserk!
You feel yourself moving faster!
You feel mighty!
You are possessed by a berserker rage.
You possess the skills of a mighty hero.
Your actions are hasted.
You are studying Summonings.
Your movement speed is very quick.
Your attack delay is about 0.4 (and cannot be improved with additional weapon skill).
Your damage rating with the +8 eveningstar of Unpleasantness {freeze, rElec rF++ Int+3 Stlth+} is about 48 (Base 15 x 120% (Str) x 191% (Skill) + 14 (Ench + Slay)).
Your base attributes are Str 18, Int 19, Dex 15.
Okay, then.
You feel a strong urge to attack something.
You have escaped!

####......##.#...................
#.........##.......∩...#......
#..........#....##.#..##......
#.....................##......
#........######.....#.##......
#........# ###.#...#####.##
########.#########..........##
#.#.......#.##.###.....
#.'...@...+.##.......##
#.#.......#...##.......
#.###########.##.###...
###.#.......###....#...#.
#...'.>.>.>.'.#..##..####
#...#.......#...#...###..
#...#########...#.### #.#
#.............[...# ##.#
#...)..######.##..####..#


There were no monsters in sight!

Vanquished Creatures
  5 dread liches
  Tiamat (Zot:4)
  4 ancient liches
  3 orbs of fire
  Bai Suzhen (Depths:1)
  Vashnia (Snake:3)
  A pandemonium lord (D:13)
  A Killer Klown (Zot:5)
  Saint Roka (Arena)
  The ghost of Harhicoo the Slayer, an adept MiBe of Trog (Vaults:1)
  A curse toe (Zot:3)
  8 golden dragons
  Jory (Depths:4)
  A bone dragon (Depths:4)
  2 electric golems
  A Tzitzimitl (Depths:1)
  An Ice Fiend (D:13)
  Rupert (Lair:3)
  7 liches
  15 tentacled monstrosities
  27 Orb Guardians
  8 titans (Vaults:5)
  2 quicksilver dragons
  3 sphinxes (Vaults:4)
  11 death cobs
  8 shadow dragons
  2 ancient champions (Depths:2)
  Donald (Vaults:4)
  14 storm dragons
  Aizul (Snake:3)
  A thorn hunter (Swamp:4)
  4 draconian knights
  5 nagarajas
  2 protean progenitors (Depths:4)
  6 tengu reavers
  2 fenstrider witches
  10 draconian monks
  10 fire giants
  A ghost moth (Zot:1)
  4 draconian scorchers
  25 vault wardens
  2 iron dragons (Vaults:5)
  3 balrugs
  2 cacodemons (Depths:2)
  2 draconian shifters (Zot:1)
  5 spectral caustic shrikes (Depths:3)
  A curse skull (Vaults:2)
  3 orc warlords
  23 ironbound preservers
  2 angels (Vaults:2)
  10 ironbound thunderhulks
  3 draconian annihilators
  4 reapers
  2 ghouls (Swamp:3)
  2 draconian stormcallers (Depths:4)
  A formless jellyfish (Vaults:3)
  6 very ugly things
  A quicksilver ooze (Lair:5)
  6 stone giants
  2 vampire knights
  Nessos (D:13)
  11 green draconians
  3 deep elf demonologists (Vaults:5)
  10 red draconians
  A deep elf annihilator (Vaults:4)
  3 eleionomae
  11 black draconians
  A deep elf death mage (Vaults:4)
  4 yellow draconians
  7 white draconians
  A bunyip (Swamp:3)
  9 purple draconians
  5 dire elephants
  A crystal guardian (Vaults:4)
  A minotaur (Gauntlet)
  Snorg (D:14)
  11 ettins
  A green death (Depths:4)
  A deep elf high priest (Vaults:5)
  2 mummy priests (Depths:2)
  An entropy weaver (shapeshifter) (Depths:2)
  3 entropy weavers
  2 jiangshi (Depths:3)
  3 fire dragons
  8 great orbs of eyes
  8 rakshasas
  13 yaktaur captains
  2 peacekeepers
  29 vault guards
  2 spriggan air magi
  5 salamander tyrants
  8 ironbound frosthearts
  9 ice dragons
  11 alligators
  5 ghost crabs
  18 hydras
  2 ogre magi (D:15)
  20 centaur warriors
  A catoblepas (Lair:1)
  A death knight (D:12)
  A vampire mage (Depths:4)
  16 anacondas
  21 death yaks
  A tengu warrior (Gauntlet)
  5 boulder beetles
  3 deep troll earth magi
  A two-headed ogre (shapeshifter) (Vaults:5)
  2 deep troll shamans
  13 two-headed ogres
  11 naga warriors
  3 spriggan berserkers
  3 dancing weapons (Depths:2)
  An occultist (D:15)
  16 naga sharpshooters
  6 orc high priests
  3 hell knights
  7 shock serpents
  A soul eater (Depths:4)
  3 sun demons
  A deep elf knight (Vaults:4)
  Sonja (Orc:1)
  5 sixfirhies
  2 skysharks (Lair:5)
  A sea snake (shapeshifter) (Depths:2)
  5 skeletal warriors
  5 iron trolls
  63 deep trolls
  6 bog bodies
  4 goliath frogs
  A salamander mystic (Snake:3)
  8 swamp dragons
  2 flayed ghosts (Vaults:5)
  A sea snake (Snake:3)
  9 arcanists
  3 naga ritualists
  3 swamp dragons (shapeshifter)
  A mana viper (shapeshifter) (Depths:2)
  2 orb spiders (shapeshifter)
  A spriggan druid (Swamp:4)
  15 mana vipers
  10 harpies
  A glowing orange brain (Depths:3)
  A glowing orange brain (shapeshifter) (Vaults:3)
  5 deep elf pyromancers
  2 necromancers
  20 ironbound convokers
  23 lindwurms
  14 orc knights
  A large abomination (D:13)
  2 wolf spider zombies (D:13)
  An oklob plant (Lair:4)
  A steelbarb worm (shapeshifter) (Vaults:5)
  5 phantasmal warriors
  An iron dragon zombie (Depths:2)
  Pikel (D:6)
  30 moths of wrath
  The ghost of whatisthis the Conjurer, a novice DrCj (D:4)
  3 apis zombies (Depths:2)
  A fire giant zombie (Depths:2)
  36 ugly things
  4 cyclopes
  6 manticores
  A shining eye (shapeshifter) (D:14)
  A wolf spider (D:15)
  3 meliai (D:14)
  5 orc sorcerers
  9 will-o-the-wisps
  8 salamanders
  8 guardian serpents
  28 black mambas
  3 centaur zombies (D:13)
  10 elephants
  A smoke demon (Depths:4)
  17 naga magi
  2 rust devils
  3 gargoyles
  A water nymph (shapeshifter) (Depths:2)
  22 vault sentinels
  7 torpor snails
  11 cane toads
  5 unseen horrors
  An efreet (D:15)
  A moth of wrath (shapeshifter) (Vaults:5)
  11 rime drakes
  A tengu conjurer (Gauntlet)
  A freezing wraith (Vaults:5)
  3 komodo dragons
  A rime drake (shapeshifter) (D:14)
  55 yaktaurs
  A tormentor (D:9)
  A spriggan skeleton (Depths:2)
  A golden dragon simulacrum (Depths:2)
  7 guardian mummies
  6 polar bears
  A bloated husk (Swamp:1)
  A tarantella (Vaults:1)
  A tengu simulacrum (Depths:2)
  8 hornets
  7 trolls
  8 tyrant leeches
  Grinder (D:5)
  10 blink frogs
  4 centaur simulacra
  2 human simulacra (Vaults:4)
  A deep troll skeleton (Vaults:4)
  2 fire giant simulacra (Depths:2)
  A raiju (shapeshifter) (D:14)
  35 slime creatures
  A jumping spider (shapeshifter) (Depths:2)
  4 shadows
  3 water elementals
  A spriggan (Swamp:3)
  47 yaks
  4 vampires
  4 wraiths
  11 wyverns
  4 basilisks
  A yak (shapeshifter) (D:15)
  15 vampire mosquitoes
  5 wargs
  3 redbacks
  3 steam dragons
  16 swamp worms
  Menkaure (D:5)
  7 acid dragons
  30 nagas
  Edmund (D:5)
  A swamp worm (shapeshifter) (Depths:2)
  18 water moccasins
  3 hell hounds (D:13)
  An ice beast (D:7)
  33 orc warriors
  A sky beast (shapeshifter) (D:13)
  12 swamp drakes
  8 black bears
  3 laughing skulls
  25 wolves
  7 ogres
  3 boggarts
  6 centaurs
  A human skeleton (Vaults:4)
  2 lemures (D:6)
  3 kobold brigands
  2 phantoms
  16 bullfrogs
  4 gnoll sergeants
  2 scorpions
  A glowing shapeshifter simulacrum (Depths:2)
  A cane toad simulacrum (Gauntlet)
  A necrophage (Swamp:3)
  8 wights
  11 killer bees
  7 howler monkeys
  2 bombardier beetles
  4 hounds
  21 orc priests
  A gnoll bouda (D:6)
  11 jellies
  5 sleepcaps
  5 iguanas
  22 orc wizards
  A boggart zombie (D:13)
  11 hell rats
  13 gnolls
  25 river rats
  10 adders
  4 white imps
  A dart slug (D:3)
  2 ribbon worms (D:3)
  69 orcs
  9 ball pythons
  A bat (D:1)
  8 endoplasms
  A giant cockroach (D:2)
  6 goblins
  2 hobgoblins
  7 kobolds
  9 quokkas
  4 frilled lizards
  20 rats
1877 creatures vanquished.

Vanquished Creatures (others)
  A draconian knight (Zot:1)
  A vault warden (Vaults:5)
  A draconian stormcaller (Zot:1)
  A vampire knight (Depths:2)
  2 purple draconians
  2 white draconians
  A red draconian (Zot:2)
  An alligator (Swamp:4)
  A hydra (Swamp:4)
  A naga warrior (Snake:3)
  A bog body (Swamp:2)
  A will-o-the-wisp (Swamp:2)
  3 bloated husks
  A wolf (Lair:1)
  An orc priest (Orc:2)
  An orc wizard (Orc:2)
  An orc (D:10)
  66 foxfires
87 creatures vanquished.

Grand Total: 1964 creatures vanquished

Notes
Turn   | Place    | Note
-------+----------+-------------------------------------------
     0 | D:5      | Laraso the Armataur Delver began the quest for the Orb.
     0 | D:5      | Reached XP level 1. HP: 18/18 MP: 1/1
    70 | D:5      | Noticed a scorpion
   143 | D:3      | Reached XP level 2. HP: 21/25 MP: 2/2
   253 | D:1      | Found Onae's Magic Scroll Emporium.
   264 | D:1      | Bought a scroll of identify for 26 gold pieces
   331 | D:1      | Found Muwkoeme's General Store.
   391 | D:1      | Found Nuack's Antique Armour Boutique.
   426 | D:1      | Found Kioc's Magic Scroll Boutique.
   452 | D:1      | Found Kari's Distillery.
   891 | D:1      | Bought a potion of curing for 36 gold pieces
   891 | D:1      | Bought a potion of heal wounds for 60 gold pieces
  1072 | D:2      | Reached XP level 3. HP: 30/30 MP: 3/3
  1376 | D:2      | Reached XP level 4. HP: 37/37 MP: 4/4
  1933 | D:4      | Noticed a phantom
  1944 | D:4      | Killed a phantom
  1945 | D:4      | Reached skill level 5 in Maces & Flails
  1945 | D:4      | Reached XP level 5. HP: 38/42 MP: 5/5
  2043 | D:4      | Found Ugafibig's Weapon Emporium.
  2198 | D:4      | Noticed whatisthis's ghost (novice DrCj)
  2276 | D:4      | Found a runed translucent door.
  2435 | D:4      | Found a staircase to the Ecumenical Temple.
  2444 | Temple   | Entered the Ecumenical Temple
  2533 | Temple   | Became a worshipper of Warmaster Okawaru
  2773 | D:4      | Found an ancient bone altar of Kikubaaqudgha.
  2773 | D:4      | Noticed an orc warrior
  2776 | D:4      | Found a hide-covered altar of Uskayaw.
  3213 | D:5      | Noticed Edmund
  3272 | D:5      | Noticed a centaur
  3294 | D:5      | Killed a centaur
  3295 | D:5      | Reached XP level 6. HP: 24/50 MP: 6/6
  3464 | D:5      | Noticed Grinder
  3464 | D:5      | Paralysed by Grinder for 4 turns
  4088 | D:6      | Noticed an orc warrior
  4226 | D:6      | Gained mutation: You regenerate magic and health when
                  | rolling toward enemies. (Rampage Regen) [Armataur growth]
  4226 | D:6      | Reached XP level 7. HP: 34/56 MP: 7/7
  4393 | D:6      | Noticed Pikel
  4405 | D:6      | Killed Pikel
  4405 | D:6      | Reached * piety under Okawaru
  4582 | D:4      | Bought a +0 morningstar of protection for 95 gold pieces
  4583 | D:4      | Bought 3 curare-tipped darts for 50 gold pieces
  4826 | D:5      | Noticed Menkaure
  4864 | D:5      | Reached XP level 8. HP: 48/62 MP: 8/8
  4901 | D:5      | Killed Grinder
  4901 | D:5      | Reached ** piety under Okawaru
  4957 | D:5      | Killed Menkaure
  4963 | D:5      | Found a glowing golden altar of the Shining One.
  5086 | D:5      | Identified the +1 dagger "Demon's Death Toll" {heavy, rElec
                  | rCorr Int+7 Stlth-}
  5115 | D:5      | Killed Edmund
  5116 | D:5      | Reached skill level 10 in Maces & Flails
  5550 | D:4      | Killed whatisthis's ghost
  5550 | D:4      | Reached *** piety under Okawaru
  5551 | D:4      | Reached XP level 9. HP: 23/68 MP: 9/9
  6069 | D:6      | Found a bloodstained altar of Trog.
  6956 | D:7      | Identified the +1 ring mail of Mimiugys {rC+}
  7163 | D:7      | Reached **** piety under Okawaru
  7397 | D:8      | Reached skill level 5 in Fighting
  7443 | D:8      | Noticed a centaur warrior
  7459 | D:8      | Killed a centaur warrior
  7460 | D:8      | Reached XP level 10. HP: 51/81 MP: 8/10
  7939 | D:8      | Found a snail-covered altar of Cheibriados.
  8109 | D:8      | Reached skill level 1 in Invocations
  9033 | D:9      | Reached skill level 5 in Invocations
  9798 | D:10     | Entered Level 10 of the Dungeon
 10377 | D:10     | Found a staircase to the Orcish Mines.
 10397 | D:10     | Found Mosmutz's Assorted Antiques.
 10417 | D:10     | Reached XP level 11. HP: 53/86 MP: 16/16
 10652 | D:1      | Bought a pair of embroidered gloves for 210 gold pieces
 10918 | D:10     | Found a sparkling altar of Nemelex Xobeh.
 11231 | D:10     | Reached ***** piety under Okawaru
 11242 | D:10     | Reached skill level 10 in Armour
 11654 | D:11     | Noticed a death yak
 11655 | D:11     | Noticed a death yak
 11684 | D:10     | Killed a death yak
 11810 | D:11     | Noticed a death yak
 11826 | D:10     | Killed a death yak
 11852 | D:10     | Killed a death yak
 11885 | D:11     | Noticed a centaur warrior
 11896 | D:11     | Killed a centaur warrior
 12480 | D:11     | Received a gift from Okawaru
 12481 | D:11     | Reached skill level 1 in Shields
 12737 | D:11     | Found a staircase to the Lair.
 12944 | Lair:1   | Entered Level 1 of the Lair of Beasts
 13364 | D:11     | Reached skill level 5 in Shields
 13598 | Lair:1   | Reached XP level 12. HP: 71/94 MP: 17/17
 13783 | Lair:1   | Received a gift from Okawaru
 14181 | Lair:1   | You fall into a shaft and drop 1 floor!
 14888 | Lair:1   | Noticed a catoblepas
 14914 | Lair:1   | Killed a catoblepas
 14915 | Lair:1   | Reached skill level 10 in Invocations
 16024 | Lair:2   | Noticed a death yak
 16027 | Lair:2   | Noticed a death yak
 16036 | Lair:2   | Noticed a six-headed hydra
 16048 | Lair:2   | Killed a death yak
 16050 | Lair:2   | Noticed a death yak
 16055 | Lair:2   | Noticed a death yak
 16056 | Lair:2   | Killed a six-headed hydra
 16071 | Lair:2   | Killed a death yak
 16083 | Lair:2   | Killed a death yak
 16091 | Lair:2   | Killed a death yak
 16269 | Lair:2   | Found a staircase to the Snake Pit.
 17194 | Lair:3   | Noticed Rupert
 17196 | Lair:3   | Paralysed by Rupert for 4 turns
 17222 | Lair:3   | Killed Rupert
 17222 | Lair:3   | Received a gift from Okawaru
 17223 | Lair:3   | Reached XP level 13. HP: 103/105 MP: 19/22
 18412 | Lair:3   | Found a staircase to the Swamp.
 18711 | Lair:4   | Found a staircase to the Slime Pits.
 18711 | Lair:4   | Found a viscous altar of Jiyva.
 19174 | Lair:4   | Received a gift from Okawaru
 19859 | Lair:4   | Reached skill level 10 in Fighting
 19974 | Lair:5   | Entered Level 5 of the Lair of Beasts
 20272 | Lair:5   | Noticed a quicksilver ooze
 20288 | Lair:5   | Killed a quicksilver ooze
 20501 | Lair:5   | Reached skill level 5 in Dodging
 20957 | Lair:4   | Received a gift from Okawaru
 21691 | Lair:5   | Reached XP level 14. HP: 121/121 MP: 23/23
 22249 | Lair:5   | Reached skill level 10 in Shields
 22262 | Lair:5   | Reached skill level 1 in Evocations
 22266 | Lair:5   | Received a gift from Okawaru
 22551 | Lair:5   | Paralysed by a hornet for 1 turns
 22658 | Lair:5   | Paralysed by a hornet for 1 turns
 22819 | Lair:5   | Reached skill level 5 in Evocations
 24169 | Lair:5   | Received a gift from Okawaru
 24342 | Lair:5   | Identified the +1 arbalest of Vaodwyq {antimagic, rElec rF-
                  | Will+}
 24985 | D:12     | Found a bloodstained altar of Trog.
 26280 | D:12     | Received a gift from Okawaru
 26281 | D:12     | Reached skill level 15 in Armour
 26789 | D:12     | Reached XP level 15. HP: 86/126 MP: 24/24
 26891 | D:12     | Learned a level 3 spell: Swiftness
 26896 | D:12     | Learned a level 4 spell: Vhi's Electric Charge
 27276 | Orc:1    | Entered Level 1 of the Orcish Mines
 27531 | Orc:1    | Noticed Sonja
 27777 | Orc:1    | Paralysed by an orc sorcerer for 4 turns
 27970 | Orc:1    | Killed Sonja
 28190 | Orc:2    | Entered Level 2 of the Orcish Mines
 28222 | Orc:2    | Found a staircase to the Elven Halls.
 28849 | Orc:1    | Found Monu's Antique Weapon Emporium.
 28998 | Orc:2    | Found a shimmering blue altar of Sif Muna.
 29720 | Orc:1    | Received a gift from Okawaru
 30628 | Orc:2    | Found Naetib's General Store.
 30629 | Orc:2    | Found Odemmof's Jewellery Shop.
 30631 | Orc:2    | Found Zemeatt's Antique Armour Boutique.
 30631 | Orc:2    | Found Ucoph's Antique Weapon Boutique.
 30646 | Orc:2    | Bought a scroll of brand weapon for 114 gold pieces
 30876 | D:1      | Bought a masterwork chain mail for 266 gold pieces
 30876 | D:1      | Identified the +2 chain mail of the Wild Haggis {rN+ Int+4}
                  | (You bought it in a shop on level 1 of the Dungeon)
 31419 | D:13     | Reached ****** piety under Okawaru
 31521 | D:13     | Found a gate leading to a gauntlet.
 31531 | Gauntlet | Entered a Gauntlet
 31531 | Gauntlet | Found a transporter.
 31531 | Gauntlet | Found a transporter.
 31553 | Gauntlet | Found a transporter.
 31557 | Gauntlet | Found a transporter.
 31566 | Gauntlet | Found a transporter.
 31569 | Gauntlet | Found a transporter.
 31580 | Gauntlet | Found a transporter.
 31594 | Gauntlet | Found a transporter.
 31611 | Gauntlet | Found a transporter.
 31612 | Gauntlet | Found a transporter.
 31616 | Gauntlet | Found a runed translucent door.
 31616 | Gauntlet | Found a runed translucent door.
 31620 | Gauntlet | Found a transporter.
 31624 | Gauntlet | Found a transporter.
 31766 | Gauntlet | Acquired the +10 Black Knight's barding {ponderous, rPois
                  | rN+}
 31766 | Gauntlet | Received a gift from Okawaru
 31766 | Gauntlet | Found the +10 Black Knight's barding {ponderous, rPois rN+}
 31784 | Gauntlet | Received a gift from Okawaru
 31802 | Gauntlet | Acquired the +8 eveningstar of Unpleasantness {freeze,
                  | rElec rF++ Int+3 Stlth+}
 31802 | Gauntlet | Received a gift from Okawaru
 31973 | Gauntlet | Identified the ring "Welurok" {rCorr Str+3}
 32008 | Gauntlet | Identified the +0 sling of Peace {elec, Dex+2 Stlth+}
 32009 | Gauntlet | Got the Compilation of United Geology
 32274 | D:13     | Noticed Nessos
 32284 | D:13     | Killed Nessos
 33255 | D:14     | Received a gift from Okawaru
 33424 | D:14     | Found a hazy altar of Hepliaklqana.
 33428 | D:14     | Noticed Snorg
 33437 | D:14     | Killed Snorg
 33653 | D:14     | Found a gate to the Vaults.
 33792 | D:15     | Entered Level 15 of the Dungeon
 34005 | D:15     | Reached XP level 16. HP: 134/134 MP: 25/25
 34023 | D:15     | Found a staircase to the Depths.
 34175 | D:15     | Received a gift from Okawaru
 34576 | D:15     | Paralysed by something for 3 turns
 34734 | D:15     | Identified the +6 quarterstaff "Jellyslayer" {venom, Str+2
                  | Dex+4}
 34815 | D:15     | Identified the +8 flail of Monoc {venom, ^Drain Int+4}
 35273 | Snake:1  | Entered Level 1 of the Snake Pit
 35289 | Lair:2   | Received a gift from Okawaru
 35404 | Snake:1  | Found Oqogi's Book Shop.
 35405 | Snake:1  | Found Puir's Jewellery Emporium.
 35407 | Snake:1  | Found Uprausoj's Book Shop.
 35482 | Snake:1  | Bought a book of Minor Magic for 256 gold pieces
 35485 | Snake:1  | Learned a level 2 spell: Blink
 35507 | Snake:1  | Found a transporter.
 35546 | Snake:1  | Found Vody's Distillery.
 35600 | Snake:1  | Found a runed translucent door.
 35624 | Snake:1  | Found a transporter.
 35650 | Snake:1  | Identified the +1 dagger of Kuuzun {drain, rC+ Will+}
 35685 | Snake:1  | Reached skill level 1 in Translocations
 35697 | Snake:1  | Reached skill level 1 in Spellcasting
 35697 | Snake:1  | Reached skill level 1 in Air Magic
 35767 | Snake:1  | Bought a potion of haste for 130 gold pieces
 35767 | Snake:1  | Bought a potion of berserk rage for 65 gold pieces
 35767 | Snake:1  | Bought a potion of heal wounds for 65 gold pieces
 35981 | Snake:1  | Noticed Livid's ghost (journeyman FeSh)
 37406 | Snake:3  | Received a gift from Okawaru
 37870 | Snake:3  | Noticed Vashnia
 37927 | Snake:3  | Killed Vashnia
 38151 | Snake:3  | Noticed Saint Roka
 38163 | Snake:3  | Reached skill level 5 in Translocations
 38165 | Arena    | Entered the Arena
 38181 | Arena    | Killed Saint Roka
 38181 | Arena    | Received a gift from Okawaru
 38182 | Arena    | Reached XP level 17. HP: 61/140 MP: 19/26
 38547 | Snake:3  | Identified the serpent talisman of the Shore {MP+9}
 38547 | Snake:3  | Noticed Aizul
 38570 | Snake:3  | Killed Aizul
 38660 | Snake:3  | Reached skill level 5 in Air Magic
 38953 | Snake:4  | Entered Level 4 of the Snake Pit
 39349 | Snake:4  | Identified the +0 chain mail of the Scribe {Str+3 SInv
                  | Stlth+}
 39353 | Snake:4  | Reached skill level 5 in Spellcasting
 39545 | Snake:3  | Received a gift from Okawaru
 40009 | Snake:4  | Reached skill level 1 in Throwing
 40516 | Snake:4  | Received a gift from Okawaru
 42029 | Snake:4  | Received a gift from Okawaru
 42167 | Snake:4  | Got a serpentine rune of Zot
 42241 | Snake:4  | Got the Monograph on Felsic Pyromancy
 42576 | Swamp:1  | Entered Level 1 of the Swamp
 42975 | Swamp:1  | Found a broken altar of Ashenzari.
 43148 | Swamp:1  | Paralysed by a fenstrider witch for 3 turns
 43377 | Swamp:2  | Identified a scroll of acquirement
 43794 | Swamp:2  | Acquired 1102 gold pieces
 43840 | Swamp:2  | Reached XP level 18. HP: 147/147 MP: 27/27
 43987 | Swamp:2  | Received a gift from Okawaru
 44373 | Swamp:3  | Paralysed by a fenstrider witch for 3 turns
 44382 | Swamp:3  | Reached skill level 10 in Translocations
 45425 | Swamp:3  | Received a gift from Okawaru
 45732 | Swamp:4  | Entered Level 4 of the Swamp
 47075 | Swamp:4  | Received a gift from Okawaru
 47162 | Swamp:4  | Got a decaying rune of Zot
 47542 | Vaults:1 | Entered Level 1 of the Vaults
 48940 | Vaults:1 | Received a gift from Okawaru
 49070 | Vaults:1 | Found a portal to a secret trove of treasure.
 49883 | Vaults:1 | Found a runed translucent gate.
 49883 | Vaults:1 | Found a runed translucent gate.
 49883 | Vaults:1 | Found a runed translucent gate.
 49885 | Vaults:1 | Noticed Harhicoo's ghost (adept MiBe)
 50403 | Vaults:2 | Found a white marble altar of Elyvilon.
 50405 | Vaults:2 | Found a crumbling gateway.
 50405 | Vaults:2 | Found a glowing golden altar of the Shining One.
 50421 | Vaults:2 | Reached XP level 19. HP: 141/154 MP: 25/28
 50488 | Vaults:2 | Found a flickering gateway to a bazaar.
 50494 | Bazaar   | Entered a bazaar
 50629 | Bazaar   | Found Kixuq's Book Shoppe.
 50645 | Bazaar   | Found Lyax's Weapon Shoppe.
 50645 | Bazaar   | Found Jaxih's Weapon Emporium.
 50667 | Bazaar   | Found Bynidaru's Jewellery Shoppe.
 50946 | Orc:2    | Bought transparent pearl dragon scales for 3519 gold pieces
 50946 | Orc:2    | Identified the +7 pearl dragon scales of the Comet {rPois
                  | rC- rN+ Str+4 Int+3} (You bought it in a shop on level 2 of
                  | the Orcish Mines)
 51219 | Vaults:2 | Reached skill level 15 in Shields
 51558 | Vaults:2 | Received a gift from Okawaru
 52888 | Vaults:2 | Found a glowing silver altar of Zin.
 52895 | Vaults:2 | Found a staircase to the Crypt.
 54099 | Vaults:2 | Identified the +2 leather armour "Xahonab" {-Tele Regen+
                  | Str+4 Stlth+}
 54405 | Vaults:3 | Received a gift from Okawaru
 54626 | Vaults:3 | Found Wiaw's General Store.
 54746 | Vaults:3 | Bought a potion of mutation for 144 gold pieces
 54746 | Vaults:3 | Gained mutation: You are somewhat resistant to further
                  | mutation. [potion of mutation]
 54746 | Vaults:3 | Gained mutation: You passively map a small area around you.
                  | [potion of mutation]
 54877 | Vaults:3 | Reached XP level 20. HP: 137/161 MP: 29/29
 54905 | Vaults:3 | Received a gift from Okawaru
 55955 | Vaults:3 | Received a gift from Okawaru
 56205 | Vaults:3 | Identified the +3 scale mail of the Pink Corner {Str+3}
 56224 | Vaults:3 | Found Zoegg's Antique Armour Shoppe.
 56417 | Vaults:4 | Paralysed by a sphinx for 4 turns
 57420 | Vaults:4 | Received a gift from Okawaru
 57556 | Vaults:4 | Reached skill level 15 in Maces & Flails
 57572 | Vaults:4 | Noticed Donald
 57603 | Vaults:4 | Killed Donald
 58152 | Vaults:4 | Found Jilul's Jewellery Shop.
 58159 | Vaults:4 | Received a gift from Okawaru
 58944 | Depths:1 | Entered Level 1 of the Depths
 58945 | Depths:1 | Found a gateway to Hell.
 59074 | Depths:1 | Found a one-way gate leading to the halls of Pandemonium.
 59198 | Depths:1 | Found Cuseija's Assorted Antiques.
 59198 | Depths:1 | Found Opsar's Antique Armour Shoppe.
 59212 | Depths:1 | Bought a pair of brightly glowing gloves for 228 gold
                  | pieces
 59212 | Depths:1 | Identified the +0 pair of gloves "Ymumenel" {rPois rCorr
                  | MP+9 Str-4} (You bought it in a shop on level 1 of the
                  | Depths)
 59223 | Depths:1 | Found a blossoming altar of Fedhas.
 59243 | Depths:1 | Found a magical portal.
 59252 | WizLab   | Entered Tukima's Studio
 59353 | Depths:1 | Reached XP level 21. HP: 146/168 MP: 30/30
 59558 | Depths:1 | Received a gift from Okawaru
 59830 | Depths:1 | Found a gateway to a bazaar.
 59836 | Bazaar   | Entered a bazaar
 59840 | Bazaar   | Found Wikenes's Jewellery Boutique.
 59862 | Bazaar   | Found Cegykig's Magic Scroll Emporium.
 59883 | Bazaar   | Found Ysmekh's Book Boutique.
 59903 | Bazaar   | Found Hyryts's Antique Weapon Shoppe.
 60198 | Depths:2 | Found a basalt altar of Yredelemnul.
 60198 | Depths:2 | Found a shimmering altar of Xom.
 60198 | Depths:2 | Found an ancient bone altar of Kikubaaqudgha.
 60277 | Depths:2 | Noticed Bai Suzhen
 60446 | Depths:1 | Killed Bai Suzhen
 60769 | Depths:2 | Found a hide-covered altar of Uskayaw.
 60858 | Depths:2 | Found Suggin's Jewellery Emporium.
 60964 | Depths:2 | You fall into a shaft and drop 2 floors!
 60964 | Depths:4 | Entered Level 4 of the Depths
 60964 | Depths:4 | Found a one-way gateway to a ziggurat.
 61014 | Depths:2 | Received a gift from Okawaru
 61959 | Depths:2 | Found a shimmering altar of Xom.
 62458 | Depths:2 | Identified the staff of Wariness {rF+ Int-3 Dex+4 Stlth+
                  | Fire}
 62600 | Depths:2 | Received a gift from Okawaru
 62853 | Depths:3 | Reached skill level 10 in Stealth
 63056 | Depths:3 | Found a one-way gate to the infinite horrors of the Abyss.
 63842 | Depths:3 | Received a gift from Okawaru
 66578 | Depths:4 | Noticed a golden dragon
 66594 | Depths:4 | Killed a golden dragon
 66605 | Depths:4 | Found a corrupted altar of Lugonu.
 66671 | Depths:4 | Noticed Jory
 66698 | Depths:4 | Killed Jory
 67128 | Depths:4 | Noticed a golden dragon
 67140 | Depths:4 | Killed a golden dragon
 67336 | Depths:4 | Found a gate to the Realm of Zot.
 67386 | Depths:4 | Reached XP level 22. HP: 140/174 MP: 31/31
 67930 | Vaults:5 | Entered Level 5 of the Vaults
 67967 | Vaults:5 | Noticed an ancient lich
 68003 | Vaults:5 | Killed an ancient lich
 68011 | Vaults:5 | Received a gift from Okawaru
 68294 | Vaults:5 | Learned a level 1 spell: Apportation
 68689 | Vaults:5 | Got a silver rune of Zot
 68956 | Vaults:5 | Identified the +12 shortbow "Coal" {drain, +Blink rN++ MP+9
                  | Str-2}
 69151 | Vaults:5 | Noticed a golden dragon
 69230 | Vaults:5 | Noticed a golden dragon
 69231 | Vaults:5 | Received a gift from Okawaru
 69259 | Vaults:5 | Killed a golden dragon
 69364 | Vaults:5 | Noticed a dread lich
 69685 | Vaults:5 | Identified the ring of Pyqeocs {Fly Dex+3 Stlth+}
 69704 | Vaults:5 | Identified the ring "Vostaxt" {rC+ rN+}
 69754 | Vaults:5 | Paralysed by something for 5 turns
 69760 | Vaults:5 | Killed a dread lich
 69874 | Vaults:5 | Identified the +5 rapier of Severance {protect, rF+ rC+
                  | Str+2 Dex+3}
 69892 | Vaults:5 | Identified the +2 mace of the Poles {freeze, rElec Will+}
 70132 | Vaults:5 | Received a gift from Okawaru
 70798 | Vaults:5 | Identified the staff of the Wolf {*Slow rPois rF+++ Summ
                  | Fire Alchemy}
 70816 | Vaults:5 | Identified the staff "Qosoolol" {rElec rF+ Int+4 Summ Fire}
 70907 | Vaults:5 | Received a gift from Okawaru
 70949 | Vaults:5 | Killed a golden dragon
 71545 | Vaults:5 | Gained mutation: You expend magic power (3 MP) to
                  | strengthen your wands. [a cacodemon]
 71692 | Vaults:4 | Reached skill level 5 in Throwing
 71717 | Vaults:4 | Reached XP level 23. HP: 154/192 MP: 32/32
 72595 | Zot:1    | Entered Level 1 of the Realm of Zot
 72774 | Depths:4 | Received a gift from Okawaru
 73581 | Zot:1    | Learned a level 4 spell: Airstrike
 73596 | Zot:1    | Learned a level 3 spell: Fugue of the Fallen
 73636 | Zot:1    | Identified the +6 ring mail of Charity {Will+ Regen+ Int-5}
 73803 | Zot:1    | Received a gift from Okawaru
 74211 | Zot:1    | You fall into a shaft and drop 1 floor!
 75003 | Vaults:1 | Killed Harhicoo's ghost
 75021 | Vaults:1 | Identified the +1 pair of boots of the Accordion {rPois}
 75025 | Vaults:1 | Identified the +1 helmet "Enyhasod" {Slay+6}
 75211 | Depths:2 | Bought the ring "Casm" {rF+ Will+ rCorr} for 633 gold
                  | pieces
 76020 | Zot:2    | Found an ancient bone altar of Kikubaaqudgha.
 76050 | Zot:2    | Identified the +0 leather armour of the Villain {rElec rN+
                  | rCorr Str-4}
 76272 | Zot:1    | Reached skill level 15 in Fighting
 76887 | D:1      | Bought a scroll of revelation for 90 gold pieces
 76887 | D:1      | Bought a scroll of fog for 48 gold pieces
 76917 | D:1      | Bought a scroll of enchant armour for 97 gold pieces
 76917 | D:1      | Bought a scroll of revelation for 97 gold pieces
 77037 | D:10     | Bought a scroll of blinking for 172 gold pieces
 77037 | D:10     | Bought a scroll of enchant armour for 172 gold pieces
 77522 | Zot:2    | Received a gift from Okawaru
 77909 | Zot:2    | Noticed Qaniympis's ghost (veteran DgEE)
 77922 | Zot:2    | Noticed a Killer Klown
 77931 | Zot:2    | Found a transporter.
 77931 | Zot:2    | Noticed a Killer Klown
 78076 | Zot:2    | Identified the amulet "Ashrexzor" {Reflect Int+5 SH+5}
 78081 | Zot:2    | Found a transporter.
 78093 | Zot:2    | Noticed an ancient lich
 78781 | Zot:3    | Noticed a curse toe
 78814 | Zot:3    | Killed a curse toe
 79040 | Zot:3    | Noticed an orb of fire
 79059 | Zot:3    | Killed an orb of fire
 79590 | Zot:3    | Received a gift from Okawaru
 79880 | Zot:4    | Found the +4 dragonskin cloak
 79880 | Zot:4    | Noticed Tiamat
 79917 | Zot:4    | Killed Tiamat
 79918 | Zot:4    | Reached XP level 24. HP: 167/210 MP: 32/32
 80604 | Zot:5    | Entered Level 5 of the Realm of Zot
 80648 | Zot:5    | Noticed an ancient lich
 80648 | Zot:5    | Noticed a Killer Klown
 80648 | Zot:5    | Noticed a dread lich
 80648 | Zot:5    | Noticed a dread lich
 80648 | Zot:5    | Noticed an ancient lich
 81116 | Zot:5    | Reached skill level 10 in Dodging
 81215 | Zot:5    | Killed an ancient lich
 81215 | Zot:5    | Received a gift from Okawaru
 81501 | Zot:5    | Noticed a Killer Klown
 81507 | Zot:5    | Killed a Killer Klown
 81514 | Zot:5    | Noticed a dread lich
 81601 | Zot:5    | Killed an ancient lich
 81684 | Zot:5    | Noticed an ancient lich
 81685 | Zot:5    | Noticed an orb of fire
 81706 | Zot:5    | Noticed an orb of fire
 81714 | Zot:5    | Killed an orb of fire
 81722 | Zot:5    | Killed an ancient lich
 81739 | Zot:5    | Killed an orb of fire
 81741 | Zot:5    | Received a gift from Okawaru
 81748 | Zot:5    | Killed a dread lich
 81980 | Zot:5    | Killed a dread lich
 82235 | Zot:5    | Noticed a dread lich
 82263 | Zot:5    | Killed a dread lich
 82484 | Zot:5    | Killed a dread lich
 82506 | Zot:5    | Got the Orb of Zot
 82768 | Depths:3 | Noticed Caxil the pandemonium lord
 82773 | Depths:3 | Noticed Xaebbuqu the pandemonium lord
 82921 | D:13     | Noticed Yjapt the pandemonium lord
 82959 | D:13     | Killed Yjapt the pandemonium lord
 83026 | D:13     | Noticed Illor the pandemonium lord
 83099 | D:10     | Noticed Poekhlean the pandemonium lord
 83148 | D:9      | Noticed Olugafy the pandemonium lord
 83300 | D:5      | Received a gift from Okawaru
 83365 | D:$      | Escaped with the Orb!

Illustrated notes

Levels and vault maps discovered:
D:1:      minmay_arrival_up_and_down, layout_rooms, serial_shops,
          nicolae_shop_peninsula, nicolae_shop_hallway_plus, shop,
          nicolae_shop_tiny_waterfront, nicolae_shop_just_a_little_nook,
          minivault_14, minmay_tetromino_s4
D:2:      layout_rooms
D:3:      layout_rooms
D:4:      layout_loops_corners, jmf_multi_god_temple2, minmay_temple_entry_hall,
          hellmonk_ghost_happy_afterlife, serial_shops, shop,
          minmay_misc_feat_chi, minmay_quantized
D:5:      layout_rooms, mainiacjoe_overflow_catwalk, uniq_grinder, uniq_edmund,
          uniq_menkaure
D:6:      layout_loops_ring, lightli_temple_of_fire,
          corexii_item_surrounded_by_moat, uniq_pikel
D:7:      kennysheep_spiral_hall, layout_cave_pools, minmay_fractal_squares_5
D:8:      layout_loops_ring, cheibriados_altar_1, serial_bayou_lagoon_a,
          minmay_manual_moon
D:9:      layout_long_grid, dk_noncrumbling_2
D:10:     layout_irregular_city, nemelex_altar_shiori, david_orc_3,
          serial_shops, shop_statue, kennysheep_big_empty_room
D:11:     layout_irregular_city, dpeg_lair_monsters, serial_column_ruins,
          column_ruins_hut_ruined, column_ruins_hut, column_ruins_open_tiny,
          column_ruins_columns_straight, column_ruins_corridor_straight,
          column_ruins_open_tiny, column_ruins_open_small,
          column_ruins_open_small
D:12:     cheibrodos_ideogram_h, layout_layer_cave, tgw_trog
D:13:     minmay_inside_and_out, layout_grid_maze, serial_undead,
          serial_undead_b, serial_undead_e, serial_undead_f, serial_undead_a,
          serial_undead_c, serial_undead_a, gauntlet_entry_generic, uniq_nessos
D:14:     layout_cave_pools, david_vaults_2, nzn_hepliaklqana_mist_gate,
          serial_column_ruins, column_ruins_open_small_water,
          column_ruins_columns_corner, column_ruins_open_tiny,
          column_ruins_open_tiny, column_ruins_columns_T, uniq_snorg
D:15:     hangedman_depths_entry_try_elsewhere_first, layout_rooms,
          serial_co_window_serial, co_window_paths_b,
          co_window_of_opportunity_a, co_window_cross_1,
          co_window_of_opportunity_a, co_window_paths_a, co_window_broadway_a,
          co_window_unsneaky_path_e, co_window_2corner, co_window_corner_b,
          co_window_4corner_a, co_window_paths_d
Temple:   minmay_temple_bridge_d
Lair:1:   lemuel_ratsnest, layout_chaotic_city, infiniplex_staircase_pool_2,
          serial_bayou_shore_b, lemuel_fruit_fields, lemuel_fruit_fields,
          grunt_megastairs_4
Lair:2:   layout_loops_ring, minmay_snake_entry_guardpost_small,
          nicolae_volcano_entry_vermiform, serial_rivers,
          chequers_serial_rivers_micro_b, chequers_serial_rivers_micro_c,
          chequers_serial_rivers_micro_c, chequers_serial_rivers_small_3,
          chequers_serial_rivers_micro_e, chequers_serial_rivers_marsh
Lair:3:   beast_lair_carwin_large_3, layout_regular_city,
          mainiacjoe_swamp_entry_lozenge_pond, minivault_11, kennysheep_rathole,
          uniq_rupert
Lair:4:   layout_layer_cave, minmay_slime_entry_oklob_open
Lair:5:   wormcave, layout_regular_city, guppyfry_lair_end_dragon,
          nicolae_lair_time_for_slime
Swamp:1:  layout_falls_marsh, evilmike_swamp_ruin_wall, nicolae_swamp_godswood,
          swamp_pool_5
Swamp:2:  layout_basic_swamp, nicolae_swamp_little_tower
Swamp:3:  layout_falls_marsh, infiniplex_staircase_pool
Swamp:4:  swamp_alternative, layout_basic_swamp
Snake:1:  layout_gridlike, ebering_ghost_inner_flame, serial_shops,
          nicolae_shop_drivethru, minmay_shop_grove
Snake:2:  layout_gridlike, serial_library_hellmonk_reading_circle,
          nicolae_zig_zag_zippers
Snake:3:  nicolae_snake_attic_fulla_snakes, layout_honeycomb, uniq_saint_roka,
          uniq_vashnia, uniq_aizul
Snake:4:  snake_pit, layout_cave_town
Orc:1:    layout_caves, serial_shops, shop, uniq_sonja
Orc:2:    st_orc_congregation, layout_diamond_mine, basic_altar,
          kennysheep_orc_sif_temple
Vaults:1: gammafunk_ghost_tricky_traps, nicolae_vaults_murderbox,
          nicolae_vaults_big_ls, v_pattern_1, hangedman_vaults_maws,
          v_alt_pattern_5, grunt_vaults_funnel, nicolae_vaults_tetromino_L_2,
          nicolae_vaults_surprise_closet, nicolae_vaults_house_1,
          layout_vaults_big_room, nicolae_trove_entry_path_of_doom
Vaults:2: portal_desolation_entry_holy_temple, nicolae_vaults_swerve,
          hangedman_vaults_capsules, minmay_crypt_entry_simple_corners,
          nicolae_vaults_more_shelving_2, nicolae_vaults_trapezoid_4,
          nicolae_vaults_frosty_reception, nicolae_vaults_tetromino_Z_2,
          nicolae_vaults_circle_grid_a, hangedman_vaults_trim,
          nicolae_vaults_border_crossing, v_alt_pattern_2,
          nicolae_vaults_tetromino_T_2, layout_vaults_ring, serial_shops,
          bzr_entry_water
Vaults:3: nicolae_vaults_sealed_display, nicolae_vaults_closet_pinwheel_4,
          v_misc_26, grunt_vaults_diagonal, grunt_vaults_twisty, v_misc_26,
          hangedman_vaults_variations, lightli_church_of_beogh, v_alt_pattern_3,
          nicolae_vaults_trapezoid_lopsided_1, ontoclasm_vaults_loading_screen,
          nicolae_vaults_tetromino_Z_1, layout_vaults_omnicross, serial_shops,
          nicolae_shop_rolling_square, shop_fountains
Vaults:4: v_rooms_1, ontoclasm_vaults_ring_large, nicolae_vaults_tangram_2,
          nicolae_vaults_circle_grid_b, nicolae_vaults_oval_intersection,
          nicolae_vaults_puzzle_piece, nicolae_vaults_trapezoid_2,
          nicolae_vaults_variable_pillar_hall,
          nicolae_vaults_crenellated_ambush, nicolae_vaults_asterisk,
          hangedman_vaults_cutoff, nicolae_vaults_three_branches,
          nicolae_vaults_trapezoid_lopsided_4, layout_vaults_maze_bifur,
          serial_shops, shop, uniq_donald
Vaults:5: serial_shops
Depths:1: layout_basic, rand_demon_pan_entry_4, mu_enter_wizlab_5, serial_shops,
          bzr_entry_safe, hell_entry, fedhas_altar_1, minmay_shoptagon
Depths:2: skrybe_chaotic_catacombs, layout_basic, hangedman_geh_valley,
          nicolae_uskayaw_suspiria, serial_shops, nicolae_square_shop,
          pan_entry, uniq_bai_suzhen
Depths:3: nicolae_cairo_tiling, layout_long_grid, abyss_entry,
          serial_bayou_pond_b, pf_hell_entry_tar_river, kennysheep_potato
Depths:4: grunt_zot_entry_hairpin, layout_cave_shapes, enter_ziggurat_f,
          abyss_entry_flame_altar, grunt_hell_entry_dis_mu,
          rand_demon_pan_entry_1, uniq_jory
Zot:1:    layout_basic
Zot:2:    layout_misc_corridors, regret_index_zotdec_dark_gr,
          gammafunk_ghost_abyssal_escape
Zot:3:    layout_gridlike, grunt_megastairs_2
Zot:4:    layout_basic, regret_index_zotdec_silver_v_v_loose, uniq_tiamat
Zot:5:    layout_cellular_growth

Skill      XL: |  1  2  3  4  5  6  7  8  9 10 11 12 13 14 15 16 17 18 19 20 21 22 23 24 |
---------------+-------------------------------------------------------------------------+-----
Maces & Flails | 2 3 4 5 6 7 8 11 16 | 16.0
Armour         | 3 6 9 13 15 20 22 | 22.0
Dodging        | 4 5 6 7 8 12 | 12.0
Fighting       | 5 7 10 13 16 | 16.0
Invocations    | 7 12 13 | 13.6
Shields        | 6 8 10 14 19 20 22 | 22.0
Evocations     | 7 9 |  9.8
Translocations | 5 9 12 | 12.0
Spellcasting   | 4 6 |  6.0
Air Magic      | 4 8 |  8.0
Throwing       | 4 5 8 |  8.0
Stealth        | 13 14 | 14.0

Action                     |  1- 3 |  4- 6 |  7- 9 | 10-12 | 13-15 | 16-18 | 19-21 | 22-24 || total
---------------------------+-------+-------+-------+-------+-------+-------+-------+-------++-------
  Melee: Mace              |   104 |   138 |    37 |       |       |       |       |       ||   279
         Tailslap          |     7 |    32 |    51 |   232 |   530 |   335 |   612 |   621 ||  2420
         Punch             |     1 |     2 |     4 |    11 |       |       |       |       ||    18
         Morningstar       |       |       |   317 |  1268 |  2443 |       |       |       ||  4028
         Eveningstar       |       |       |       |       |   235 |  1937 |  2725 |  2438 ||  7335
  Throw: Dart              |       |       |     3 |     3 |     2 |       |       |     1 ||     9
         Javelin           |       |       |       |       |       |       |       |    17 ||    17
   Cast: Vhi's Electric Ch |       |       |       |       |       |     4 |    14 |    14 ||    32
         Blink             |       |       |       |       |       |     1 |     1 |       ||     2
         Swiftness         |       |       |       |       |       |     3 |     5 |     7 ||    15
         Apportation       |       |       |       |       |       |       |       |    11 ||    11
 Invoke: Heroism           |       |       |     4 |    14 |    11 |    10 |    13 |    11 ||    63
         Finesse           |       |       |       |     2 |       |     1 |     2 |     5 ||    10
         Receive Weapon    |       |       |       |       |     1 |       |       |       ||     1
         Receive Armour    |       |       |       |       |     1 |       |       |       ||     1
         Duel              |       |       |       |       |       |     1 |       |       ||     1
  Evoke: Wand              |       |       |       |       |    11 |       |     2 |     6 ||    19
         Condenser vane    |       |       |       |       |       |       |     2 |       ||     2
    Use: Scroll            |     1 |    10 |     1 |    12 |    10 |    10 |    10 |    27 ||    81
         Potion            |       |     1 |     1 |     6 |     5 |     4 |     8 |    17 ||    42
   Stab: Sleeping          |    12 |     4 |     4 |     3 |     5 |    12 |     8 |    11 ||    59
         Distracted        |     1 |       |       |     1 |     2 |     2 |     2 |     3 ||    11
         Invisible         |       |       |     8 |     4 |    10 |       |       |     1 ||    23
         Paralysed         |       |       |       |       |     4 |       |       |       ||     4
         Fleeing           |       |       |       |       |     1 |       |       |       ||     1
         Confused          |       |       |       |       |       |       |     2 |       ||     2
 Armour: Leather armour    |    57 |    75 |   183 |       |       |       |       |       ||   315
         Pearl dragon scal |       |       |    17 |   909 |  2014 |  1764 |  1489 |  1088 ||  7281
         Skin              |       |       |       |    40 |       |       |    18 |       ||    58
  Dodge: Dodged            |    74 |    96 |   261 |   781 |  1328 |   749 |   527 |   420 ||  4236
  Block: Kite shield       |       |       |       |   352 |  1875 |  1882 |       |       ||  4109
         Reflection        |       |       |       |       |     9 |   128 |    97 |    65 ||   299
         Tower shield      |       |       |       |       |       |    80 |  3521 |  2778 ||  6379

Table legend: (Time is in decaauts)
 A = Elapsed time spent in this place.
 B = Non-inter-level travel time spent in this place.
 C = Inter-level travel time spent in this place.
 D = Time resting spent in this place.
 E = Time spent auto-exploring this place.
 F = Levels seen in this place.
 G = Mean time per level.
                   A        B        C        D        E       F      G
               +--------+--------+--------+--------+--------+-----+--------+
         Total |  85597 |  74930 |  10667 |  21119 |  28541 |  50 | 1711.9 |
       Dungeon |  24012 |  19705 |   4307 |   5142 |   9181 |  15 | 1600.8 |
        Temple |    161 |     19 |    142 |      0 |      0 |   1 |  161.0 |
          Lair |  12462 |  11283 |   1179 |   3153 |   4702 |   5 | 2492.4 |
         Swamp |   5336 |   4921 |    415 |   1924 |   1707 |   4 | 1334.0 |
     Snake Pit |   7776 |   7084 |    692 |   2200 |   2528 |   4 | 1944.0 |
  Orcish Mines |   3088 |   2898 |    190 |    958 |    663 |   2 | 1544.0 |
        Vaults |  15285 |  13918 |   1367 |   3536 |   4718 |   5 | 3057.0 |
        Depths |   8740 |   6968 |   1772 |   2182 |   2407 |   4 | 2185.0 |
           Zot |   7747 |   7147 |    600 |   1732 |   2257 |   5 | 1549.4 |
        Bazaar |    324 |    324 |      0 |    114 |    181 |   2 |  162.0 |
        Wizlab |     58 |     58 |      0 |      0 |      0 |   1 |   58.0 |
      Gauntlet |    566 |    566 |      0 |    154 |    194 |   1 |  566.0 |
         Arena |     36 |     36 |      0 |     22 |      0 |   1 |   36.0 |
               +--------+--------+--------+--------+--------+-----+--------+

Top non-repeatable levels by time:
  Lair:5: 4020 daAuts
Vaults:5: 3978 daAuts
Vaults:2: 3733 daAuts
Depths:2: 3213 daAuts
    D:12: 2864 daAuts
Vaults:3: 2810 daAuts
Depths:4: 2774 daAuts
 Snake:3: 2744 daAuts
 Snake:4: 2609 daAuts
    D:10: 2459 daAuts
Vaults:1: 2416 daAuts
  Lair:2: 2353 daAuts
Vaults:4: 2347 daAuts
    D:14: 2302 daAuts
  Lair:4: 2291 daAuts
